[Event "1st Chessable Sunway Formentera 2022"]
[Site "Formentera Punta Prima"]
[Date "2022.04.29"]
[Round "1"]
[White "Sargsyan, Shant"]
[Black "Lever, Erwan"]
[Result "1-0"]
[ECO "B40"]
[WhiteElo "2641"]
[BlackElo "2209"]
[Annotator "TA"]
[PlyCount "67"]
[EventDate "2022.05.05"]
[EventType "swiss"]
[EventCountry "ESP"]
[SourceTitle "playchess.com"]
[Source "ChessBase"]
[SourceQuality "1"]
[TimeControl "40/5400+30:1800+30"]

1. e4 c5 2. Nf3 e6 3. c3 d5 4. e5 d4 5. d3 Nc6 6. g3 {[%emt 0:00:16] B40: Sicilian: 2...e6, Unusual lines.} Nge7 7. Bg2 Ng6 8. Qe2 {[%emt 0:00:06] The position is equal.} Be7 {[%emt 0:06:44] [#]} 9. Na3 $146 ({Predecessor:} 9. O-O O-O 10. Re1 dxc3 11. bxc3 b6 12. h4 Ba6 13. h5 Bxd3 14. Qe3 Nh8 15. h6 {1-0 (34) Dubov,D (2711)-Dreev,A (2623) Chess.com INT 2022}) 9... O-O 10. O-O dxc3 11. bxc3 b6 12. Rd1 (12. h4 $14) 12... Ba6 $11 13. Bb2 Rc8 14. h4 Qc7 15. c4 $1 Rfd8 16. h5 $1 Nf8 17. h6 (17. Nb5 $5 Qb8 18. h6 $14) 17... g6 18. Nb5 Bxb5 19. cxb5 Nd4 {[%emt 0:01:21] White now steadily converts the win.} ({Black should play} 19... Nb4 $1 $14) 20. Nxd4 $16 cxd4 21. Rac1 $36 {[%emt 0:00:20][%mdl 2048] White is on the roll.} Qb8 22. Rxc8 {[%emt 0:02:19] White is more active.} Qxc8 23. Rc1 Qb8 {[%emt 0:00:18] [#]} 24. Rc4 $1 Bg5 (24... Bc5 {keeps fighting.} 25. Qe4 Rd5) 25. Ba3 $18 {[%emt 0:03:29] f4 is the strong threat.} ({Don't play} 25. Rxd4 $6 Rxd4 26. Bxd4 Bxh6 $16) ({Don't do} 25. Bxd4 Bxh6 26. Bb2 Bg7) 25... Bxh6 26. f4 {[%emt 0:00:30] Hoping for Qc2.} Bg7 27. Qc2 {[%emt 0:02:28] Black must now prevent Bd6.} f6 (27... Bxe5 $142 28. fxe5 Qxe5) 28. Bd6 Rxd6 29. Rc8 Qxc8 30. Qxc8 fxe5 (30... Rd7 {is a better chance.} 31. Bc6 Re7) 31. Bc6 {[%emt 0:00:10] White is clearly winning.} e4 32. Qc7 {[%emt 0:00:23][%mdl 64] [#] Trapped Piece} Rd5 33. Bxd5 exd5 34. Qxa7 {[%emt 0:00:14] Weighted Error Value: White=0.13 (very precise) /Black=0.41} 1-0

[Event "1st Chessable Sunway Formentera 2022"]
[Site "Formentera Punta Prima"]
[Date "2022.04.29"]
[Round "1"]
[White "Cuenca Jimenez, Jose Fernando"]
[Black "Kovacs, Klara"]
[Result "1-0"]
[ECO "D38"]
[WhiteElo "2551"]
[BlackElo "2108"]
[Annotator "TA"]
[PlyCount "59"]
[EventDate "2022.05.05"]
[EventType "swiss"]
[EventCountry "ESP"]
[SourceTitle "playchess.com"]
[Source "ChessBase"]
[SourceQuality "1"]
[TimeControl "40/5400+30:1800+30"]

1. d4 d5 2. c4 e6 3. Nf3 Nf6 4. Nc3 Bb4 5. cxd5 exd5 6. Bf4 {[%emt 0:00:05] D38: Queen's Gambit Declined: Ragozin Defence (4 Nf3 Bb4).} O-O 7. e3 Bf5 8. Qb3 {[%emt 0:03:54] The position is equal.} Bxc3+ 9. bxc3 b6 10. Bg5 c6 11. c4 $2 {[%emt 0:07:58] [#]} (11. Bh4 $11) 11... Be4 $146 (11... b5 $1 $17 {And now ...Qa5+ would win.} 12. cxb5 Qa5+ 13. Ke2 Nbd7) ({Predecessor:} 11... b5 12. cxb5 Qa5+ 13. Ke2 Ne4 14. Be7 Re8 15. Bb4 Qxb5+ 16. Ke1 Qb6 17. Nd2 Na6 18. Bxa6 Qxa6 {½-½ (76) Parligras,M (2607)-Alonso Rosell,A (2536) Minsk 2017}) 12. Be2 Qd6 13. O-O Nbd7 14. Rac1 (14. Bf4 $16 Qe7 15. Nd2) 14... Nh5 (14... dxc4 $14 15. Bxc4 (15. Qxc4 Qe7 $14) 15... Rac8) 15. Nd2 $16 Qg6 16. Nxe4 dxe4 17. Bh4 Kh8 {[%emt 0:05:07] [#]} (17... Qh6 $16) 18. Qd1 ({Better is} 18. c5 $1 $18) 18... Nhf6 19. a4 Qf5 20. f4 (20. Ra1 $16) 20... c5 (20... exf3 $1 $14 21. Bxf3 Qe6) 21. d5 h5 22. h3 Kg8 23. g4 hxg4 (23... Qh7 $142 24. Qe1 (24. gxh5 g6 $16) 24... Qh8) 24. hxg4 $18 Qg6 25. Kf2 Ne8 $2 (25... Rfe8 26. g5 Nh7) 26. Be7 {[%emt 0:01:23] Threatens to win with f5. White is clearly winning.} Nd6 27. f5 Nxf5 28. gxf5 Qxf5+ 29. Ke1 Qh3 30. Bxf8 {[%emt 0:00:10] Weighted Error Value: White=0.22 (precise) /Black=0.41} 1-0

[Event "1st Chessable Sunway Formentera 2022"]
[Site "Formentera Punta Prima"]
[Date "2022.04.29"]
[Round "1"]
[White "Batsiashvili, Nino"]
[Black "Buiza Prieto, Eihartze"]
[Result "1-0"]
[ECO "B38"]
[WhiteElo "2463"]
[BlackElo "2044"]
[Annotator "TA"]
[PlyCount "49"]
[EventDate "2022.05.05"]
[EventType "swiss"]
[EventCountry "ESP"]
[SourceTitle "playchess.com"]
[Source "ChessBase"]
[SourceQuality "1"]
[TimeControl "40/5400+30:1800+30"]

1. d4 Nf6 2. c4 c5 3. Nf3 cxd4 4. Nxd4 Nc6 5. Nc3 g6 6. e4 d6 7. Be2 Bg7 8. Be3 O-O 9. O-O Bd7 10. h3 a6 11. f4 Rc8 12. Qd2 Nxd4 {[%emt 0:14:23] B38: Sicilian: Maroczy Bind with 5...Bg7 and 7...0-0.} 13. Bxd4 {[%emt 0:00:05] [#]} ({But not} 13. Qxd4 Nh5 14. Qd3 Ng3 $15) 13... b5 $146 ({Predecessor:} 13... Bc6 14. Qe3 Nd7 15. e5 Qc7 16. e6 Bxd4 17. exf7+ Rxf7 18. Qxd4 Qb6 19. Qxb6 Nxb6 20. b3 {1-0 (43) Balokas,D (2209)-Lohia,S (1951) Stockholm 2019}) 14. e5 dxe5 {[%emt 0:03:44] White is better.} 15. fxe5 Ne8 16. Rad1 {[%emt 0:01:05] aiming for Bf2. White is much more active. The black rooks are badly placed.} ({Don't take} 16. cxb5 Bxb5 17. Nxb5 axb5 $14) 16... Bf5 17. Nd5 {[%emt 0:16:53] Bb6 is the strong threat.} Nc7 $2 {[%emt 0:15:00] [#]} (17... Be6 $16) 18. Bb6 $1 $18 Bxe5 {[%emt 0:00:27] [#]} 19. Rxf5 $1 gxf5 (19... Qd6 20. Bxc7) 20. Qg5+ Kh8 21. Qxf5 {[%emt 0:01:59] White threatens Bd3 and mate.} (21. Nxe7 Qe8 $16) 21... f6 $2 (21... e6 {was necessary.} 22. Qxe5+ f6 23. Nxf6 (23. Bxc7 fxe5 24. Bxd8 Rfxd8 $16) 23... Qxf6 24. Qxf6+ (24. Bxc7 Rxc7 25. Qxc7 Qf2+ 26. Kh2 Qxe2 $18) 24... Rxf6) 22. Nxc7 {[%emt 0:02:07][%mdl 64] Discovered Attack. White is clearly winning.} ({Weaker is} 22. Nxf6 exf6 23. Rxd8 Rcxd8 $16) 22... Bxc7 23. Rxd8 {[%emt 0:00:15][%cal Oe2d3] Intending Bd3! and mate.} Bxb6+ 24. c5 $1 Bxc5+ 25. Qxc5 {[%emt 0:00:10] Black got outplayed after the opening.  Weighted Error Value: White=0.02 (flawless) /Black=0.65} 1-0

[Event "1st Chessable Sunway Formentera 2022"]
[Site "Formentera Punta Prima"]
[Date "2022.04.29"]
[Round "1"]
[White "Romanishin, Oleg M"]
[Black "Cafolla, Peter"]
[Result "1-0"]
[ECO "E06"]
[WhiteElo "2400"]
[BlackElo "1936"]
[Annotator "TA"]
[PlyCount "40"]
[EventDate "2022.05.05"]
[EventType "swiss"]
[EventCountry "ESP"]
[SourceTitle "playchess.com"]
[Source "ChessBase"]
[SourceQuality "1"]
[TimeControl "40/5400+30:1800+30"]

1. d4 d5 2. Nf3 Nf6 3. c4 e6 4. g3 c5 5. Bg2 Nc6 6. O-O Be7 7. dxc5 Bxc5 8. a3 O-O {[%emt 0:04:18] was the old line (8...a6).} 9. b4 Be7 10. Bb2 {[%emt 0:00:00] E06: Closed Catalan: Early deviations.} a6 11. Nbd2 b5 12. cxd5 {[%emt 0:01:35] White is slightly better.} exd5 13. Rc1 {[%emt 0:01:53] [#]} Qb6 $146 ({Predecessor:} 13... Bb7 14. Ne5 Qb6 15. Nb3 Nxe5 16. Bxe5 Ne4 17. Bc7 Qe6 18. Nd4 Qd7 19. Qd3 Rac8 {0-1 (44) Petukhov,V (2113)-Nasibullin,I (1907) St Petersburg 2014}) 14. Nb3 Rd8 15. Ne5 Nxe5 16. Bxe5 {[%emt 0:00:00] Bc7 is the strong threat.} Ne4 $2 {[%emt 0:00:00][%mdl 8192] [#]} (16... Qe6 $16 17. Qd4 Re8) 17. Bc7 $1 $18 {[%emt 0:00:00] White is clearly winning.} Qe6 18. Bxd8 Bxd8 19. Nc5 Nxc5 20. Bxd5 Qxd5 {[%emt 0:08:15] Black got outplayed after the opening.  Weighted Error Value: White=0.09 (flawless) /Black=0.28 (precise)} 1-0

[Event "1st Chessable Sunway Formentera 2022"]
[Site "Formentera Punta Prima"]
[Date "2022.04.29"]
[Round "1"]
[White "Song, Julien"]
[Black "Munoz Suarez, Luis Alberto"]
[Result "1-0"]
[ECO "E94"]
[WhiteElo "2388"]
[BlackElo "1907"]
[Annotator "TA"]
[PlyCount "81"]
[EventDate "2022.05.05"]
[EventType "swiss"]
[EventCountry "ESP"]
[SourceTitle "playchess.com"]
[Source "ChessBase"]
[SourceQuality "1"]
[TimeControl "40/5400+30:1800+30"]

1. d4 Nf6 2. c4 g6 3. Nc3 Bg7 4. e4 O-O 5. Nf3 d6 6. Be2 Nbd7 7. O-O e5 8. Be3 Re8 9. d5 Ng4 10. Bg5 {[%emt 0:00:00] 10.Bd2 is vanishing.} f6 11. Bd2 f5 {[%emt 0:00:00] E94: King's Indian: Classical: 6 Be2 e5 7 0-0: Various Black 7th moves.} 12. exf5 gxf5 13. Ng5 Nf8 (13... Ngf6 $16) 14. Bxg4 $18 fxg4 15. f3 $1 Bf5 (15... h6 {is a better defense.}) 16. Nge4 {[%emt 0:00:00] Pair of Knights!} Qd7 {[%emt 0:00:00] [#]} 17. Qb3 $146 ({Better is} 17. Bh6 $1 $18 ) ({Predecessor:} 17. Bh6 Kh8 18. Qd2 Re7 19. Bg5 Rf7 20. fxg4 Bxe4 21. Rxf7 Qxf7 22. Nxe4 Qg6 23. Qe2 {1-0 (34) Hansen,L (2500)-McNab,C (2385) Novi Sad 1990}) 17... Kh8 (17... Ng6 $1 $14) 18. Bg5 {[%emt 0:00:00] White is much more active. The black rooks are badly placed.} (18. Qxb7 $6 Reb8 19. Qa6 gxf3 20. Rxf3 Rxb2 $14) 18... Ng6 19. Nf6 (19. Qxb7 $6 Reb8 20. Qc6 Qc8 $11) 19... Bxf6 20. Bxf6+ Kg8 21. Ne2 (21. Qxb7 Reb8 22. Qa6 Rxb2 $15) (21. fxg4 $16 Bd3 22. Rf3 (22. Qxb7 $2 Reb8 $17)) 21... Rf8 {[%emt 0:00:43] White must now prevent ...gxf3.} 22. fxg4 ({Don't blunder} 22. Qxb7 $2 Rab8 23. Qxa7 gxf3 $19) (22. Bg5 {with more complications.} gxf3 23. Qxf3 Bg4 24. Qe4) 22... Rxf6 (22... Bxg4 $11 {keeps the balance.} 23. Rae1 Bxe2 24. Rxe2 Qg4) 23. gxf5 ({Don't play} 23. Rxf5 $6 Rxf5 24. gxf5 Qxf5 $14) 23... Rxf5 24. Qxb7 Raf8 25. Ng3 ({White should play} 25. Qxa7 $16 Rxf1+ 26. Rxf1) 25... Rf4 $14 26. Qxa7 (26. Qb3 $1 $16) 26... Qg4 $1 $11 27. b3 (27. Qe3 $11 {remains equal.}) 27... h5 $1 $17 {[%emt 0:00:20][%cal Bh7h5,Bh5h4][%mdl 1056] Black has strong compensation.} 28. Qe3 {[%emt 0:00:34] aiming for h3.} h4 29. Nh1 $2 (29. a4 $17 {is more resistant.}) 29... Kg7 $4 (29... Rxf1+ $1 $19 {avoids the disaster.} 30. Rxf1 Nf4) 30. Nf2 $18 Qf5 {[%emt 0:00:55][%cal Oh4h3] [#]} 31. Qe2 $1 Rd4 {[%emt 0:01:01] [#]} 32. Nh3 Nf4 33. Nxf4 exf4 (33... Rxf4 {keeps fighting.} 34. a4 Qg5 35. Rxf4 Qxf4) 34. Rf3 (34. Rae1 $142) 34... Re4 35. Qf2 Qg5 36. Rf1 Kh6 37. Rh3 {[%emt 0:00:22] White is clearly winning.} f3 38. Rxf3 Rg8 (38... Rxf3 $142 39. Qxf3 Qe5) 39. Rf6+ Kh7 40. Rf7+ Kh6 41. Qf6+ {[%emt 0:06:03] Weighted Error Value: White=0.41/Black=0.53} 1-0

[Event "1st Chessable Sunway Formentera 2022"]
[Site "Formentera Punta Prima"]
[Date "2022.04.29"]
[Round "1"]
[White "Papadiamandis, Elliot"]
[Black "Fabregas, Oliver"]
[Result "1/2-1/2"]
[ECO "B56"]
[WhiteElo "2373"]
[BlackElo "1893"]
[Annotator "TA"]
[PlyCount "56"]
[EventDate "2022.05.05"]
[EventType "swiss"]
[EventCountry "ESP"]
[SourceTitle "playchess.com"]
[Source "ChessBase"]
[SourceQuality "1"]
[TimeControl "40/5400+30:1800+30"]

1. e4 c5 2. Nf3 d6 3. d4 cxd4 4. Nxd4 Nf6 5. Nc3 a6 6. Bg5 Bd7 7. Bxf6 gxf6 8. Qh5 e6 9. Bc4 Qc8 {[%emt 0:05:13] B56: Classical Sicilian: Unusual Lines.} 10. Bb3 {[%emt 0:06:03][%cal Od4f5] With the idea Nf5!} Qc5 {[%emt 0:04:03] Against Nf5} 11. Nf5 Nc6 {[%emt 0:09:49] [#] The position is equal.} 12. Qh4 O-O-O (12... exf5 $2 13. Qxf6 Be6 14. Qxh8 $18) (12... h5 $5 13. Ne3 (13. Qxf6 Rg8 $15) 13... Be7 $15) 13. Qxf6 Rg8 $1 $15 {[%emt 0:03:13] [#]} 14. Qxf7 $146 ({Predecessor:} 14. Ng3 Bg7 15. Qf3 Ne5 16. Qf4 Ng6 17. Qd2 Bc6 18. Rd1 {0-1 (46) Schroeder,M (2394)-Jankowicz,R (2379) ICCF email 2001}) 14... Rxg2 $17 15. Ne3 {[%emt 0:02:25] [#]} Rg7 (15... Ne5 $142 $1 16. Qf4 Rg6) 16. Qf6 Rg6 $1 {[%emt 0:01:08][%mdl 1024] Black has compensation.} 17. Qh4 Rh6 18. Qf4 Bg7 ({Better is} 18... Nd4 $17 {Hoping for ...Rg6.} 19. Qf7 Rh3) 19. O-O-O $11 Ne5 {[%emt 0:02:08] Against Nc4} 20. Rhg1 Rf8 $36 {[%emt 0:01:44][%mdl 2048] Black has the initiative.} 21. Qg3 Rg6 22. Qh3 {[%emt 0:00:00] [#] And now Rxg6 would win.} Rh6 23. Qf1 Bh8 24. Rg2 (24. Rg3 $5 ) 24... Rhf6 {[%emt 0:00:29][%cal Oc5e3] Strongly threatening ...Qxe3+!} 25. Qe2 Ng6 {[%emt 0:01:56] aiming for ...Nf4.} 26. Qg4 {[%emt 0:03:47][%mdl 8192] [#]} (26. Qd2 $11) 26... Ne5 $2 ({Not} 26... Rxf2 27. Rxf2 Rxf2 28. Qg3 $11) ({Black should play} 26... Nf4 $1 $19 27. Rg3 Rg6) 27. Qe2 Ng6 28. Qg4 {[%emt 0:00:36][%mdl 8192] [#]} (28. e5 $11 {and White has nothing to worry.} Rf4 29. exd6 (29. Rxd6 Bxe5 30. Rd3 Bc6 $15)) 28... Ne5 $2 {[%emt 0:00:07] Weighted Error Value: White=0.65/Black=0.32} ({Weaker is} 28... Rxf2 29. Rxf2 Rxf2 30. Qg3 $11) (28... Nf4 $1 $19 29. Rg3 Rg6) 1/2-1/2

[Event "1st Chessable Sunway Formentera 2022"]
[Site "Formentera Punta Prima"]
[Date "2022.04.29"]
[Round "1"]
[White "Dukic, Zachary"]
[Black "Gukesh D"]
[Result "0-1"]
[ECO "B12"]
[WhiteElo "2243"]
[BlackElo "2659"]
[Annotator "TA"]
[PlyCount "70"]
[EventDate "2022.05.05"]
[EventType "swiss"]
[EventCountry "ESP"]
[SourceTitle "playchess.com"]
[Source "ChessBase"]
[SourceQuality "1"]
[TimeControl "40/5400+30:1800+30"]

1. e4 c6 2. d4 d5 3. e5 Bf5 4. h4 Qc8 5. h5 h6 6. Nc3 {[%emt 0:00:14] B12: Caro-Kann: Advance Variation.} e6 7. Be3 a6 8. g4 {[%emt 0:02:05] White is slightly better.} Bh7 {[%emt 0:00:11] [#]} 9. f4 $146 ({Predecessor:} 9. Qd2 b5 10. Nge2 Nd7 11. f4 c5 12. Bg2 Nb6 13. b3 b4 14. Nd1 c4 15. c3 {½-½ (128) Drozniak,S (2048)-Piankov,E (2225) Raciborz 2019}) 9... c5 10. Nf3 cxd4 11. Nxd4 Bb4 12. Bd3 Bxc3+ 13. bxc3 Qxc3+ 14. Kf2 {[%emt 0:00:31] And now Qb1 would win.} Be4 15. Qb1 Qc7 (15... Bxh1 $2 16. Qxb7 $1 Ne7 17. Rxh1 $18 (17. Qxa8 O-O $18)) 16. Bxe4 dxe4 17. c4 Ne7 18. Qxe4 Nd7 19. Kg2 O-O 20. Rac1 Nc5 21. Qf3 f6 22. exf6 Rxf6 23. Ne2 (23. Rb1 $15 {should be considered.}) 23... Nd3 $17 24. Rc3 Ne5 {[%emt 0:00:32] Black is more active.} 25. Qh3 {[%emt 0:03:14] White does not recover from this.} (25. Qe4 $17 {was the only defense.} Nxg4 26. Bd4) 25... Qc6+ $19 26. Kh2 {[%emt 0:00:21] Nd4 is the strong threat.} Nf3+ ({Not} 26... Nxc4 27. Bd4 Rf7 28. Rcc1 $17) 27. Kg3 {[%emt 0:00:08] [#] Strongly threatening Qg2.} Ng5 $1 {[%emt 0:00:05] Pair of Knights!} 28. Nd4 {[%emt 0:00:40] Against Qf3+} (28. Qg2 $142 Ne4+ 29. Kh2 Nxc3 30. Qxc6 Nxc6 31. Nxc3) 28... Qc7 29. Qg2 {[%emt 0:01:17] [#]} Nd5 $1 ({Stronger than} 29... e5 30. fxg5 exd4+ 31. Kh3 dxc3 32. gxf6 $11) 30. Nxe6 (30. cxd5 $142 Qxc3 31. Qe2 Ne4+ 32. Kg2 exd5 33. Rc1) 30... Rxe6 ({And not} 30... Ne4+ 31. Qxe4 Nxc3 32. Nxc7 $15) 31. Qxd5 Rd8 32. Qf5 Ne4+ 33. Kh3 Qc6 34. Rb3 Rf6 $2 (34... Nd2 35. Qxe6+ Qxe6) 35. Qe5 $2 {[%emt 0:00:23] [#]} (35. Qa5 $19 Nf2+ 36. Bxf2 Qxh1+ 37. Kg3) 35... Ng5+ $1 {[%emt 0:00:14][%mdl 576] Discovered Attack.  Weighted Error Value: White=0.67/Black=0.20 (precise)} 0-1

[Event "1st Chessable Sunway Formentera 2022"]
[Site "Formentera Punta Prima"]
[Date "2022.04.29"]
[Round "1"]
[White "Grutter, Tim"]
[Black "Sasikiran, Krishnan"]
[Result "0-1"]
[ECO "B90"]
[WhiteElo "2241"]
[BlackElo "2651"]
[Annotator "TA"]
[PlyCount "132"]
[EventDate "2022.05.05"]
[EventType "swiss"]
[EventCountry "ESP"]
[SourceTitle "playchess.com"]
[Source "ChessBase"]
[SourceQuality "1"]
[TimeControl "40/5400+30:1800+30"]

1. e4 c5 2. Nf3 d6 3. d4 cxd4 4. Nxd4 Nf6 5. Nc3 a6 6. h4 {[%emt 0:00:26] B90: Sicilian Najdorf: Unusual White 6th moves, 6 Be3 Ng4 and 6 Be3 e5.} e5 7. Nb3 Be6 8. f4 {[%emt 0:00:26] The position is equal.} g6 {[%emt 0:00:00] Prevents f5.} 9. Be2 Nc6 10. g4 exf4 {[%emt 0:00:16] [#]} 11. Bxf4 $146 {[%emt 0:00:00] Hoping for g5.} (11. g5 $5 ) ({Predecessor:} 11. g5 Nd7 12. Bxf4 Nce5 13. Qd2 b5 14. O-O-O b4 15. Nd5 Bxd5 16. Qxd5 Be7 17. Kb1 {1-0 (45) Rakotomaharo,F (2429)-Perez Ponsa,F (2554) Chess.com INT 2021}) 11... d5 12. exd5 Nxd5 13. Nxd5 Bxd5 14. Rh3 Be7 15. g5 (15. Qd2 $15 Bxh4+ 16. Kf1) 15... h6 $17 16. Rd3 $2 (16. Re3 $17) 16... Nb4 $19 17. Re3 hxg5 18. Bxg5 Be6 19. Qxd8+ Rxd8 20. Bd3 {[%emt 0:01:14] [#]} Rxd3 $1 21. cxd3 Nc2+ 22. Kd2 Nxe3 ({Stronger than} 22... Nxa1 23. Nxa1 Bb4+ 24. Kd1 $17) 23. Kxe3 f6 24. Bf4 Rxh4 25. Bg3 Ra4 26. Rc1 Rxa2 27. Nd4 Bd7 28. b3 Bd8 {[%emt 0:00:00] Inhibits Rc7. And now ...Bb6 would win.} 29. Rh1 Bb6 30. Rh8+ Ke7 {[%emt 0:02:53] White must now prevent ...Bc6.} 31. Rh7+ Kd8 32. Rh8+ {[%emt 0:00:00] [#]} Be8 $1 {[%emt 0:00:40] ...Rg2 is the strong threat.} 33. Rh7 Bc6 (33... Ra5 $19 {[%cal Oa5e5] Strongly threatening ...Re5+!} 34. Kd2 Kc8) 34. Bc7+ $17 Bxc7 35. Ne6+ Kc8 36. Rxc7+ {[%emt 0:00:26][%mdl 4096] Endgame KRB-KRN} Kb8 37. Rf7 f5 38. Rf6 Rg2 39. Kd4 Ka7 40. b4 Kb6 41. Nf8 (41. Kc4 $142) 41... g5 $19 {[%emt 0:25:35][%cal Bg6g5,Bg5g4][%mdl 32] aiming for ...f4.} 42. Rxf5 (42. Ng6 $142) 42... g4 43. Ng6 g3 44. Ne5 Rg1 45. Rg5 Bh1 {[%emt 0:00:00] Threatens to win with ...g2.} 46. Nc4+ {[%emt 0:00:44] [#]} Ka7 $1 47. Rg6 (47. Rg8 $17 {is a better defense.}) 47... Bc6 ({Black should play} 47... Kb8 $19 48. Rg8+ Kc7) 48. Ne5 $17 Kb6 {[%emt 0:00:37] Black is more active.} ({Better is} 48... Be8 $17 49. Rg8 Bh5) 49. Nxc6 $2 {[%emt 0:00:18][%mdl 8192] White is now going downhill.} (49. Rg5 $1 $11) 49... bxc6 $11 {[%emt 0:01:53] KR-KR} 50. Ke3 Kb5 51. Kf3 g2 52. Rd6 $2 (52. Rg4) 52... Rc1 $19 53. Kxg2 Kxb4 54. d4 a5 {[%emt 0:00:00][%cal Ba6a5,Ba5a4,Ba4a3,Ba3a2][%mdl 32] Black mates.} 55. d5 cxd5 56. Rxd5 a4 57. Rd8 a3 58. Rb8+ Kc3 59. Rc8+ Kb2 60. Rb8+ Ka1 61. Kf2 a2 62. Ke2 Rb1 63. Rh8 Kb2 64. Rb8+ Kc3 65. Rc8+ Kd4 66. Rd8+ Ke5 {[%emt 0:00:06] Weighted Error Value: White=0.52/Black=0.14 (very precise)} 0-1

[Event "1st Chessable Sunway Formentera 2022"]
[Site "Formentera Punta Prima"]
[Date "2022.04.29"]
[Round "1"]
[White "Bernard, Jacques"]
[Black "Santos Ruiz, Miguel"]
[Result "0-1"]
[ECO "B95"]
[WhiteElo "2122"]
[BlackElo "2586"]
[Annotator "TA"]
[PlyCount "80"]
[EventDate "2022.05.05"]
[EventType "swiss"]
[EventCountry "ESP"]
[SourceTitle "playchess.com"]
[Source "ChessBase"]
[SourceQuality "1"]
[TimeControl "40/5400+30:1800+30"]

1. e4 c5 2. Nf3 d6 3. d4 cxd4 4. Nxd4 Nf6 5. Nc3 a6 6. Bg5 e6 7. Qd3 b5 {[%emt 0:00:23][%cal Bb7b5,Bb5b4][%mdl 32] has lost popularity (7...Nbd7).} 8. O-O-O {[%emt 0:03:14] B95: Sicilian Najdorf: 6 Bg5 e6, unusual White 7th moves.} b4 9. Nce2 (9. Bxf6 $5 gxf6 10. Nce2 $11) 9... Nbd7 10. Bxf6 (10. Kb1 $11 {remains equal.}) 10... Nxf6 $17 ({Of course not} 10... Qxf6 11. f3 $11) 11. f4 Bb7 12. Ng3 {[%emt 0:02:28] [#]} g6 $146 {[%emt 0:12:55] White must now prevent ...Bh6.} ({Predecessor:} 12... Qc7 13. Be2 Rc8 14. Bf3 Qc4 15. Qxc4 Rxc4 16. Be2 Rc7 17. Bf3 Be7 18. Kb1 O-O {0-1 (40) Iskakov,A-Efimenko,Z (2332) Artek 1999}) 13. Kb1 Bh6 14. Qf3 (14. f5 $1 $15) 14... Qb6 15. h4 O-O-O 16. Be2 Kb8 17. Rhf1 Bg7 18. Nb3 Nd7 (18... h5 $17 19. Qd3 Ng4 20. Bxg4 hxg4) 19. Qd3 Nc5 20. Qe3 Rc8 21. Bf3 {[%emt 0:01:53] [#]} (21. e5 $11 {keeps the balance.}) 21... Bxb2 $1 22. Nxc5 Rxc5 23. Qd3 Bf6 {[%emt 0:02:28] ...d5 is the strong threat. Black is more active. A strong pair of Bishops.} 24. Qxd6+ Qxd6 25. Rxd6 Bxh4 26. Ne2 Kc7 $36 {[%emt 0:03:38][%mdl 2048] Keeping White busy.} 27. e5 Be7 28. Rd4 Bxf3 29. Rxf3 Rd8 30. Rfd3 Rxd4 31. Rxd4 $19 {[%emt 0:00:08][%mdl 4096] Endgame KRB-KRN} a5 32. Kb2 (32. c3 $17) 32... Kc6 33. c4 a4 34. Kc2 Ra5 35. Nc1 Ra7 36. Nd3 Rd7 $2 {[%emt 0:00:32] [#]} (36... Rb7 $19 {Hoping for ...h5.} 37. Re4 b3+ 38. axb3 Rxb3) 37. Re4 $2 {[%emt 0:00:36][%mdl 8192] White does not recover from this.} (37. Rxd7 $15 Kxd7 38. Nb2) 37... Bc5 38. g3 (38. g4 {might work better.}) 38... h5 39. Nb2 Bf2 40. Nd3 b3+ {[%emt 0:00:00] Weighted Error Value: White=0.42/Black=0.20 (precise)} 0-1

[Event "1st Chessable Sunway Formentera 2022"]
[Site "Formentera Punta Prima"]
[Date "2022.04.29"]
[Round "1"]
[White "Vanduyfhuys, Daria"]
[Black "Narciso Dublan, Marc"]
[Result "1/2-1/2"]
[ECO "E11"]
[WhiteElo "2063"]
[BlackElo "2464"]
[Annotator "TA"]
[PlyCount "78"]
[EventDate "2022.05.05"]
[EventType "swiss"]
[EventCountry "ESP"]
[SourceTitle "playchess.com"]
[Source "ChessBase"]
[SourceQuality "1"]
[TimeControl "40/5400+30:1800+30"]

1. d4 Nf6 2. c4 e6 3. Nf3 Bb4+ 4. Bd2 c5 5. Bxb4 cxb4 6. Nbd2 O-O 7. e4 d6 8. Qc2 {[%emt 0:06:27] E11: Bogo-Indian.} Nc6 9. Bd3 e5 10. d5 {[%emt 0:00:18] [#]} Ne7 $146 ({Predecessor:} 10... Nb8 11. c5 Bg4 12. cxd6 Bxf3 13. Nxf3 Qxd6 14. Rc1 Nbd7 15. O-O Rfd8 16. Qc7 Qb6 17. Qxb6 axb6 {1-0 (45) Janiashvili,M (1940)-Baskin,R (2390) Chess.com INT 2021}) 11. c5 Ng6 12. cxd6 Qxd6 13. O-O $36 {[%emt 0:02:23][%mdl 2048] White is more active.} Bg4 14. Nc4 Qe7 15. Nfd2 (15. Qd1 $16) 15... Rfc8 {[%emt 0:10:47] [#] ...b5 is the strong threat.} 16. Qb3 Nf4 17. Rfe1 Nxd3 18. Qxd3 Bh5 (18... Bd7 $14) 19. a3 $16 bxa3 20. Qxa3 Qxa3 21. Rxa3 Nd7 22. Rea1 ({Better is} 22. f3) 22... a6 (22... Be2 $142 23. Rc3 f6) 23. f3 f6 24. Kf2 (24. Nd6 $18) 24... b5 25. Ne3 Nc5 26. Nf5 {[%emt 0:08:44] Hoping for Ne7+.} Kf8 {[%emt 0:05:17] Against Ne7} 27. Nd6 Rcb8 28. Rc3 Na4 29. Rc2 Rd8 30. Nf5 Be8 {[%emt 0:01:30] [#]} 31. b3 $1 Nb6 32. Rca2 {[%emt 0:01:35] White is more active.} Bd7 33. Ne3 ({Don't play} 33. Rxa6 $6 Bxf5 34. Rxa8 (34. exf5 Rxa6 35. Rxa6 Nxd5 $11) 34... Nxa8 $11) 33... Bc8 34. Nc2 Rd7 35. Nb4 Rda7 36. Nc6 Rc7 37. Nb4 Rca7 $1 38. Nc6 Rc7 39. Nb4 Rca7 $1 {[%emt 0:00:03] Weighted Error Value: White=0.24 (precise) /Black=0.13 (very precise)} 1/2-1/2